 Dungeon Crawl Stone Soup version 0.29-a0-885-gb26ba3297d (webtiles) character file.

Game seed: 6843276270255998202

1225 BeAPotato the Destroyer (level 8, -7/41 HPs)
             Began as a Gargoyle Earth Elementalist on July 20, 2022.
             Mangled by a wraith (8 damage)
             ... on level 6 of the Dungeon.
             The game lasted 00:16:47 (6185 turns).

BeAPotato the Destroyer (GrEE)                      Turns: 6185, Time: 00:16:48

Health: -7/41      AC:  8    Str: 12 (13) XL:     8   Next: 47%
Magic:  1/21       EV: 11    Int: 14 (17) God:
Gold:   237        SH:  0    Dex:  9 (10) Spells: 5/13 levels left

rFire   . . .      SeeInvis .   g - +0 club
rCold   . . .      Faith    .   (no shield)
rNeg    + . .      Spirit   .   a - +0 robe
rPois   ∞          Reflect  .   (no helmet)
rElec   +          Harm     .   A - scarf {+Inv}
rCorr   .          Rampage  .   (no gloves)
Will    .....                   c - +0 pair of boots
Stlth   ++........              (no amulet)
HPRegen 0.13/turn               r - ring of magical power
MPRegen 0.17/turn               (no ring)

@: brilliant, slowed, very slow
A: sickness immunity, AC +5, negative energy resistance 1, electricity
resistance, torment resistance 1, petrification resistance
a: Evoke Invisibility


You were on level 6 of the Dungeon.
You visited 1 branch of the dungeon, and saw 6 of its levels.

You collected 237 gold pieces.

Inventory:

Hand Weapons
 g - a +0 club (weapon)
 i - a +0 whip
 w - a +0 halberd
 x - a +0 quarterstaff
 y - a +0 whip
 z - a +0 rapier
 D - a +0 spear
Missiles
 b - 5 javelins
 s - 63 stones
Armour
 a - a +0 robe (worn)
 c - a +0 pair of boots (worn)
 o - a +1 leather armour of fire resistance
 A - a scarf of invisibility (worn)
Jewellery
 m - a ring of ice
 r - a ring of magical power (left hand)
Wands
 E - a wand of polymorph (5)
Scrolls
 d - a scroll of vulnerability {unknown}
 f - a scroll of enchant weapon {unknown}
 j - 2 scrolls of magic mapping {unknown}
 n - 3 scrolls of poison {unknown}
 p - 2 scrolls of fear {unknown}
 t - 6 scrolls of identify {unknown}
 v - a scroll of noise {unknown}
Potions
 h - a potion of berserk rage {unknown}
 k - a potion of mutation {unknown}
 l - a potion of degeneration
 q - a potion of might {unknown}
 B - a potion of attraction {unknown}
 C - a potion of flight


   Skills:
 - Level 1.5 Dodging
 - Level 2.1 Stealth
 - Level 0.7 Unarmed Combat
 - Level 3.2 Spellcasting
 * Level 9.1 Conjurations
 - Level 0.7 Transmutations
 - Level 6.0 Earth Magic
 - Level 1.0 Evocations


You had 5 spell levels left.
You knew the following spells:

 Your Spells              Type           Power      Damage    Failure   Level
a - Sandblast             Erth           56%        2d13      1%          1
b - Foxfire               Conj/Fire      88%        2x1d8     3%          1
c - Stone Arrow           Conj/Erth      70%        3d11      2%          3
d - Conjure Flame         Conj/Fire      22%        6-21      10%         3

Your spell library contained the following spells:

 Spells                   Type           Power      Damage    Failure   Level
 Passwall                 Tmut/Erth      14%        N/A       8%          2
 Beastly Appendage        Tmut           12%        N/A       16%         1
 Wereblood                Tmut           6%         N/A       24%         2
 Flame Wave               Conj/Fire      22%        2d7       32%         4
 Petrify                  Tmut/Erth      17%        N/A       45%         4
 Spider Form              Tmut/Pois      4%         N/A       47%         3
 Gell's Gravitas          Tloc           3%         N/A       54%         3
 Inner Flame              Hex/Fire       3%         N/A       54%         3
 Teleport Other           Tloc           3%         N/A       54%         3
 Cause Fear               Hex            1%         N/A       91%         4
 Dispersal                Tloc           1%         N/A       100%        6
 Dragon Form              Tmut           3%         N/A       100%        7
 Dragon's Call            Summ           1%         N/A       100%        9


Dungeon Overview and Level Annotations

Branches:
Dungeon (6/15)
 Temple: D:4-7

Altars:
Qazlal

Shops:
D:1 ?   D:5 ?


Innate Abilities, Weirdness & Mutations

You are immune to sickness and miasma.
Your stone body is resilient. (AC +5)
You are immune to poison.
You resist negative energy. (rN+)
You are resistant to electric shocks. (rElec)
You are resistant to unholy torment.
You are immune to petrification.


Message History

The wraith drains your vigour!
You feel as though you will be slow longer.
The wraith completely misses you. The wraith hits you!
The wraith drains your vigour!
You feel as though you will be slow longer.
There is an open door here.
The wraith attacks as you move away! The wraith hits you!
The wraith hits you but does no damage. The wraith attacks as you move away!
The wraith barely misses you. x2
Casting: Sandblast (safe; 1% risk of failure)
Confirm with . or Enter, or press ? or * to list all spells.
Aiming: Sandblast (safe; 1% risk of failure)
Press: ? - help, Shift-Dir - straight line, f/p - wraith
Aim: a wraith (heavily damaged, 79% to hit)
The blast of sand hits the wraith but does no damage.
The wraith is heavily damaged.
The wraith hits you. The wraith hits you!
* * * LOW HITPOINT WARNING * * *
The wraith drains your vigour!
You feel as though you will be slow longer.
The wraith hits you.
* * * LOW HITPOINT WARNING * * *
The wraith drains your vigour!
You feel as though you will be slow longer.
Unknown command.
You feel better. The wraith hits you but does no damage.
You feel clever all of a sudden. The wraith closely misses you.
The wraith hits you.
* * * LOW HITPOINT WARNING * * *
Unknown command.
Casting: Sandblast (safe; 1% risk of failure)
Confirm with . or Enter, or press ? or * to list all spells.
Aiming: Sandblast (safe; 1% risk of failure)
Press: ? - help, Shift-Dir - straight line, f/p - wraith
Aim: a wraith (heavily damaged, 81% to hit)
You feel a surge of power!
The blast of sand hits the wraith but does no damage.
The wraith is heavily damaged.
The wraith closely misses you. The wraith hits you!
You die...

... ..# #########
#.#.###.# #.)...).#
#.#.....####.#####.#
#..........<.....#)#
.#........###.###.#.#
..........# #..##.#.#
#.........# #.....#..
..........###..####.##
...........@W.># #<#
...###...####..# #.#
#........#####'####.#
...###.........$..#.#
. #.................
#..............♣..
#..............♣
#..............♣
#.#..[......♣♣♣.♣


You could see a wraith.

Vanquished Creatures
  Grinder (D:3)
  An ogre (D:5)
  A gnoll sergeant (D:5)
  2 scorpions
  2 howler monkeys
  6 hounds
  2 orc priests (D:5)
  2 iguanas
  An orc wizard (D:5)
  6 adders
  21 gnolls
  3 worms
  3 dart slugs
  4 orcs
  7 ball pythons
  9 endoplasms
  2 giant cockroaches
  6 goblins
  7 hobgoblins
  11 jackals
  7 quokkas
  4 bats
  3 frilled lizards (D:2)
  8 kobolds
  3 rats
  A spectral kobold (D:2)
123 creatures vanquished.

Vanquished Creatures (others)
  49 foxfires
  3 plants (D:2)
52 creatures vanquished.

Grand Total: 175 creatures vanquished

Notes
Turn   | Place    | Note
-------+----------+-------------------------------------------
     0 | D:1      | BeAPotato the Gargoyle Earth Elementalist began the quest
                  | for the Orb.
     0 | D:1      | Reached XP level 1. HP: 10/10 MP: 3/3
   238 | D:1      | Found Junopu's Magic Scroll Emporium.
   264 | D:1      | Reached XP level 2. HP: 6/15 MP: 1/5
   892 | D:1      | Reached XP level 3. HP: 13/19 MP: 6/6
  1152 | D:2      | Learned a level 1 spell: Foxfire
  1156 | D:2      | Learned a level 3 spell: Stone Arrow
  1230 | D:2      | Found a faded altar of an unknown god.
  1376 | D:2      | Reached skill level 5 in Earth Magic
  1460 | D:2      | Reached skill level 1 in Conjurations
  1726 | D:2      | Reached skill level 2 in Conjurations
  1726 | D:2      | Reached XP level 4. HP: 24/24 MP: 7/7
  2337 | D:3      | Noticed Grinder
  2341 | D:3      | Paralysed by Grinder for 5 turns
  2460 | D:3      | Reached skill level 3 in Conjurations
  2701 | D:3      | Paralysed by Grinder for 4 turns
  2709 | D:3      | Killed Grinder
  2710 | D:3      | Reached skill level 5 in Conjurations
  2710 | D:3      | Reached XP level 5. HP: 8/28 MP: 8/8
  2710 | D:3      | Reached XP level 6. HP: 9/32 MP: 9/9
  4165 | D:4      | Reached skill level 6 in Conjurations
  4165 | D:4      | Reached XP level 7. HP: 36/36 MP: 10/10
  4350 | D:4      | Found a stormy altar of Qazlal.
  4841 | D:5      | Entered Level 5 of the Dungeon
  4850 | D:5      | Learned a level 3 spell: Conjure Flame
  4920 | D:5      | Reached skill level 1 in Evocations
  5057 | D:5      | Reached skill level 7 in Conjurations
  5113 | D:5      | Reached XP level 8. HP: 41/41 MP: 12/12
  5361 | D:5      | Found Fazeud's Magic Scroll Shoppe.
  5509 | D:5      | Reached skill level 8 in Conjurations
  5827 | D:5      | Reached skill level 9 in Conjurations
  5845 | D:6      | HP: 1/41 [gnoll/+0 flail (8)]
  6168 | D:6      | Noticed a wraith
  6182 | D:6      | HP: 1/41 [wraith (5)]
  6185 | D:6      | Mangled by a wraith

Illustrated notes

Levels and vault maps discovered:
D:1:      tarquinn_simple_flora_water_c, layout_basic, serial_shops, shop
D:2:      layout_basic, dreamdust_ecumenical_altar_drowned_temple,
          serial_bayou_lake_a
D:3:      layout_basic, uniq_grinder
D:4:      minmay_spotlight, layout_cave_pools, grunt_qazlal_clouds, minivault_23
D:5:      layout_cave_pools, serial_gnoll_camp, gnoll_camp_mini_basic,
          gnoll_camp_huts_basic, gnoll_camp_mini_sergeant, gnoll_camp_mini_shop,
          gnoll_camp_medium_02, minmay_misc_feat_encased
D:6:      layout_basic, kb_rosetta

Skill      XL: |  1  2  3  4  5  6  7  8 |
---------------+-------------------------+-----
Earth Magic    | 4 5 6 |  6.0
Conjurations   | 2 5 6 7 9 |  9.1
Spellcasting   | 3 |  3.2
Evocations     | 1 |  1.0
Dodging        | |  1.5
Stealth        | |  2.1
Unarmed Combat | |  0.7
Transmutations | |  0.7

Action                   |  1- 3 |  4- 6 |  7- 9 || total
-------------------------+-------+-------+-------++-------
Melee: Unarmed           |     4 |       |       ||     4
       Whip              |    38 |       |       ||    38
       Club              |     1 |       |    14 ||    15
 Cast: Sandblast         |    31 |    19 |    15 ||    65
       Foxfire           |     2 |    26 |       ||    28
       Stone Arrow       |     1 |    30 |    70 ||   101
  Use: Scroll            |     1 |     1 |       ||     2
       Potion            |       |     2 |     7 ||     9
 Stab: Sleeping          |     2 |       |       ||     2
Armor: Robe              |    14 |       |    26 ||    40
       Leather armour    |     9 |    26 |       ||    35
Dodge: Dodged            |    23 |    35 |    35 ||    93

Table legend: (Time is in decaauts)
 A = Elapsed time spent in this place.
 B = Non-inter-level travel time spent in this place.
 C = Inter-level travel time spent in this place.
 D = Time resting spent in this place.
 E = Time spent auto-exploring this place.
 F = Levels seen in this place.
 G = Mean time per level.
                   A        B        C        D        E       F      G
               +--------+--------+--------+--------+--------+-----+--------+
         Total |   6310 |   6026 |    284 |   1276 |   3552 |   6 | 1051.7 |
       Dungeon |   6310 |   6026 |    284 |   1276 |   3552 |   6 | 1051.7 |
               +--------+--------+--------+--------+--------+-----+--------+

Top non-repeatable levels by time:
     D:2: 1423 daAuts
     D:3: 1381 daAuts
     D:1: 1122 daAuts
     D:4: 1020 daAuts
     D:5: 1009 daAuts
     D:6: 354 daAuts
